 Dungeon Crawl Stone Soup version 0.24.0-13-gcf9b319 (webtiles) character file.

Game seed: 33820808542221425, levelgen mode: deterministic

1750 Boetheseconed the Poker (level 8, -2/61 HPs)
             Began as a Demonspawn Wanderer on Dec 11, 2019.
             Was a Priest of Makhleb.
             Slain by a troll (6 damage)
             ... on level 7 of the Dungeon.
             The game lasted 00:26:12 (5564 turns).

Boetheseconed the Poker (Demonspawn Wanderer)       Turns: 5564, Time: 00:26:12

Health: -2/61      AC: 18    Str: 14    XL:     8   Next: 78%
Magic:  11/11      EV:  7    Int: 10    God:    Makhleb [***...]
Gold:   305        SH:  0    Dex: 17    Spells: 11/11 levels left

rFire    . . .     SeeInvis .   j - +1 spear (freeze)
rCold    . . .     Gourm    .   (no shield)
rNeg     . . .     Faith    .   A - +4 chain mail of Free Expression {rCorr}
rPois    +         Spirit   .   E - +2 helmet
rElec    .         Reflect  .   i - scarf {repulsion}
rCorr    +         Harm     .   (no gloves)
MR       .....                  (no boots)
Stlth    ..........             (no amulet)
HPRegen  0.20/turn              l - ring of poison resistance
MPRegen  0.12/turn              (no ring)

@: repel missiles
A: talons 1, iridescent scales 1, powered by death 1
a: Minor Destruction, Lesser Servant of Makhleb, Renounce Religion


You were on level 7 of the Dungeon.
You worshipped Makhleb.
Makhleb was most pleased with you.
You were not hungry.

You visited 1 branch of the dungeon, and saw 7 of its levels.

You collected 305 gold pieces.

Inventory:

Hand Weapons
 a - a +2 falchion
 b - a +0 quarterstaff
 j - a +1 spear of freezing (weapon)
Missiles
 r - 3 datura-tipped darts (quivered)
Armour
 d - a +0 robe
 i - a scarf of repulsion (worn)
 n - a +0 scale mail
 A - the +4 chain mail of Free Expression (worn) {rCorr}
   (You found it on level 5 of the Dungeon)

   It provides partial protection from all sources of acid and corrosion.
 C - a +0 cloak
 E - a +2 helmet (worn)
Jewellery
 l - a ring of poison resistance (left hand)
Wands
 z - a wand of digging (5)
 F - a wand of enslavement (5)
 G - a wand of acid (13)
Scrolls
 c - 2 scrolls of teleportation
 e - 2 scrolls of enchant armour
 g - 2 scrolls of identify
 k - 2 scrolls of magic mapping
 p - 4 scrolls of remove curse
 q - 5 scrolls of amnesia
 v - a scroll of noise {unknown}
 y - 2 scrolls of blinking {unknown}
Potions
 h - 3 potions of brilliance
 m - a potion of flight {unknown}
 s - 3 potions of ambrosia {unknown}
 t - a potion of berserk rage {unknown}
 u - a potion of might {unknown}
 w - a potion of curing {unknown}
 x - a potion of agility {unknown}
 B - a potion of degeneration {unknown}
 D - a potion of haste {unknown}
 H - a potion of invisibility {unknown}
Comestibles
 f - 8 rations
 o - a chunk of flesh


   Skills:
 + Level 4.5 Fighting
 + Level 3.8 Long Blades
 + Level 6.8 Polearms
 + Level 1.0 Throwing
 + Level 4.1 Armour
 + Level 2.7 Dodging
 + Level 2.3 Stealth
 + Level 2.3 Spellcasting
   Level 1.0 Poison Magic


You had 11 spell levels left.
You didn't know any spells.
Your spell library was empty.

Dungeon Overview and Level Annotations

Branches:
Dungeon (7/15)             Temple (0/1) D:6

Altars:
Gozag
Makhleb
Okawaru
Wu Jian
Yredelemnul

Shops:
D:5 :


Innate Abilities, Weirdness & Mutations

You have sharp toenails.
You are partially covered in iridescent scales. (AC +2)
You regenerate a little health from kills.


Message History

You barely miss the troll.
The troll is heavily wounded.
The troll barely misses you. The troll claws you but does no damage.
The troll barely misses you.
You hit the troll. You freeze the troll. You claw the troll.
The troll is severely wounded.
The troll barely misses you. x2; The troll claws you but does no damage.
You hit the troll. You freeze the troll. You claw the troll.
The troll is almost dead.
Your chain mail of Free Expression prevents you from hitting the troll.
The troll is almost dead.
The troll bites you.
* * * LOW HITPOINT WARNING * * *
The troll claws you but does no damage. x2
You hit the troll. You freeze the troll. You claw the troll, but do no damage.
The troll is almost dead.
The troll bites you!
* * * LOW HITPOINT WARNING * * *
The troll claws you but does no damage. The troll claws you.
You die...

################
#..............#
#..............#
#..............#
#..............#
#.........@T...#
#..............#
#.........(...#########
########....###.....#.......#
.......####+#######'#.......#
.....#............(.#.......#
.....#..............#K......#
.....#....((.(..).T.KK......#
.....#....####.##.K.#Y......#


You could see a troll.

Vanquished Creatures
  3 centaurs
  2 ogres (D:4)
  2 bullfrogs
  4 wights (D:6)
  A centaur zombie (D:4)
  2 bullfrog zombies
  3 orc wizards
  6 hounds
  A jelly (D:5)
  A bullfrog skeleton (D:4)
  3 orc priests
  A gnoll shaman (D:6)
  An iguana (D:6)
  5 worker ants
  A killer bee zombie (D:4)
  4 hound zombies
  A hound skeleton (D:4)
  7 gnolls
  12 adders
  An ooze (D:3)
  2 adder skeletons (D:4)
  3 worms
  3 dart slugs
  3 leopard geckos
  19 orcs
  2 giant cockroaches
  10 goblins
  6 hobgoblins
  3 kobolds (D:2)
  A quokka (D:2)
  2 ball pythons
  5 bats
  A frilled lizard (D:1)
  2 leopard gecko zombies (D:4)
  A quokka skeleton (D:4)
  A quokka zombie (D:4)
  2 rats
127 creatures vanquished.

Vanquished Creatures (others)
  A withered plant (D:4)
1 creature vanquished.

Grand Total: 128 creatures vanquished

Notes
Turn   | Place    | Note
-------+----------+-------------------------------------------
     0 | D:1      | Boetheseconed the Demonspawn Wanderer began the quest for
                  | the Orb.
     0 | D:1      | Boetheseconed set off with the following items: a +2
                  | falchion, a +0 quarterstaff, a scroll of teleportation, a
                  | +0 robe, a ration
     0 | D:1      | Reached XP level 1. HP: 15/15 MP: 3/3
   130 | D:1      | Gained mutation: You are partially covered in iridescent
                  | scales. (AC +2) [demonic ancestry]
   130 | D:1      | Reached XP level 2. HP: 14/21 MP: 5/5
   814 | D:2      | Gained mutation: You have sharp toenails. [demonic
                  | ancestry]
   814 | D:2      | Reached XP level 3. HP: 21/26 MP: 6/6
   831 | D:2      | Found a burning altar of Makhleb.
   849 | D:2      | Became a worshipper of Makhleb the Destroyer
  1210 | D:2      | Found an ornate altar of the Wu Jian Council.
  1325 | D:3      | Reached XP level 4. HP: 29/32 MP: 7/7
  1716 | D:3      | Reached skill level 1 in Polearms
  1771 | D:3      | Reached XP level 5. HP: 28/38 MP: 8/8
  1970 | D:4      | Noticed an ogre
  1979 | D:4      | Killed an ogre
  1979 | D:4      | Reached skill level 2 in Polearms
  1979 | D:4      | Reached skill level 1 in Armour
  2072 | D:4      | Found an opulent altar of Gozag.
  2111 | D:4      | Gained mutation: You regenerate a little health from kills.
                  | [demonic ancestry]
  2111 | D:4      | Reached XP level 6. HP: 16/44 MP: 9/9
  2329 | D:4      | Reached skill level 3 in Polearms
  2362 | D:4      | Reached * piety under Makhleb
  2595 | D:4      | Got a bloodstained chain mail
  2596 | D:4      | Identified the cursed +0 chain mail "Obopraom" {rF+ Stlth+}
                  | (You found it on level 4 of the Dungeon)
  2643 | D:4      | Reached XP level 7. HP: 51/51 MP: 10/10
  2677 | D:4      | Reached skill level 4 in Polearms
  3254 | D:5      | Entered Level 5 of the Dungeon
  3294 | D:5      | Got a brightly glowing chain mail
  3295 | D:5      | Identified the +4 chain mail of Free Expression {rCorr}
                  | (You found it on level 5 of the Dungeon)
  3438 | D:5      | Reached ** piety under Makhleb
  3745 | D:5      | Found Yca Ceuh's Book Boutique.
  3883 | D:5      | Reached skill level 5 in Polearms
  3900 | D:5      | Reached XP level 8. HP: 48/58 MP: 11/11
  4647 | D:6      | Found a basalt altar of Yredelemnul.
  4732 | D:6      | Found a staircase to the Ecumenical Temple.
  5075 | D:6      | Reached skill level 6 in Polearms
  5421 | D:7      | Reached *** piety under Makhleb
  5441 | D:7      | Found an iron altar of Okawaru.
  5505 | D:7      | Noticed a troll
  5564 | D:7      | Slain by a troll

Levels and vault maps discovered:
D:1:      wander_arrival_desolate, layout_basic, minmay_crystal_water,
          dk_noncrumbling_3
D:2:      layout_rooms, nicolae_overflow_crystal_walls, lemuel_doored_altar
D:3:      layout_loops_ring
D:4:      layout_basic, nicolae_gozag_seed_capital, first_ration, serial_undead,
          serial_undead_d, serial_undead_e, serial_undead_f, serial_undead_f
D:5:      layout_cave_pods, serial_shops, shop
D:6:      layout_basic, minmay_temple_entry_hall, basic_altar,
          ebering_dispersal_statue_hall, hex_tiny
D:7:      layout_gridville, okawaru_gym_becter,
          chequers_temple_overflow_statue_of_worship, grunt_ogre_cave

Skill      XL: |  1  2  3  4  5  6  7  8 |
---------------+-------------------------+-----
Long Blades    | 3 |  3.8
Polearms       | 1 2 3 5 6 |  6.8
Stealth        | 2 |  2.3
Fighting       | 2 3 4 |  4.5
Armour         | 1 2 3 4 |  4.1
Dodging        | 2 |  2.7
Throwing       | |  1.0
Spellcasting   | |  2.3
Poison Magic   | |  1.0

Action                   |  1- 3 |  4- 6 |  7- 9 || total
-------------------------+-------+-------+-------++-------
Melee: Falchion          |     7 |       |       ||     7
       Spear             |    62 |   179 |   357 ||   598
       Kick              |     6 |    45 |   115 ||   166
  Use: Scroll            |     6 |     2 |     5 ||    13
       Potion            |       |       |     2 ||     2
 Stab: Sleeping          |     2 |       |       ||     2
  Eat: Chunk             |     1 |     4 |     7 ||    12
       Ration            |       |       |     1 ||     1
Armor: Robe              |     5 |       |       ||     5
       Scale mail        |     1 |    76 |    48 ||   125
       Chain mail        |       |       |   159 ||   159
Dodge: Dodged            |    28 |    64 |   121 ||   213
       Deflected         |       |     4 |     9 ||    13
